 Dungeon Crawl Stone Soup version 0.28-a0-938-gbc3f381ebc (webtiles) character file.

Game seed: 8413261505663660396

37 Hipnos the Magician (level 3, -4/26 HPs)
             Began as a Djinni Necromancer on Nov 28, 2021.
             Slain by a worm (8 damage)
             ... on level 2 of the Dungeon.
             The game lasted 00:02:07 (1687 turns).

Hipnos the Magician (Djinni Necromancer)            Turns: 1687, Time: 00:02:08

Health: -4/26      AC:  6    Str:  7    XL:     3   Next: 62%
Gold:   51         EV: 12    Int: 17    God:
                   SH:  0    Dex: 13

rFire   + + .      SeeInvis .   (no weapon)
rCold   x . .      Faith    .   (no shield)
rNeg    . . .      Spirit   .   a - +0 robe
rPois   ∞          Reflect  .   (no helmet)
rElec   .          Harm     .   (no cloak)
rCorr   .          Rampage  .   (no gloves)
Will    .....                   (boots unavailable)
Stlth   ++........              (no amulet)
HPRegen 0.08/turn               d - +4 ring of protection
MPRegen 0.00/turn               (no ring)

@: flying, very slightly contaminated
A: sickness immunity, fire resistance 2, cold vulnerability 1, float, innate
caster, hp casting, extra vitality 1
a: no special abilities


You were on level 2 of the Dungeon.
You visited 1 branch of the dungeon, and saw 2 of its levels.

You collected 51 gold pieces.

Inventory:

Armour
 a - a +0 robe (worn)
Jewellery
 b - a ring of wizardry
 d - a +4 ring of protection (left hand)
 g - a +6 ring of intelligence
Scrolls
 c - a scroll of blinking {unknown}
 e - a scroll of fog {unknown}
 h - a scroll of identify {unknown}
Potions
 i - a potion of brilliance {unknown}


   Skills:
 * Level 0.4 Fighting
 + Level 2.2 Dodging
 - Level 1.5 Stealth
 + Level 4.0 Spellcasting


You couldn't memorise any spells.
You knew the following spells:

 Your Spells              Type           Power      Damage    Failure   Level
a - Pain                  Necr           68%        1d7       3%          1
b - Animate Skeleton      Necr           34%        N/A       3%          1
c - Vampiric Draining     Necr           17%        2d7       9%          3
d - Animate Dead          Necr           8%         N/A       30%         4
e - Agony                 Necr           17%        N/A       63%         5
f - Foxfire               Conj/Fire      68%        2x1d7     3%          1
Your spell library was empty.

Dungeon Overview and Level Annotations

Branches:
Dungeon (2/15)

Altars:


Innate Abilities, Weirdness & Mutations

You are immune to sickness and miasma.
You are immune to poison.
Your flesh is very heat resistant. (rF++)
You are vulnerable to cold. (rC-)
You float through the air rather than walking.
You learn spells naturally, not from books.
Your magical power is your life essence.
You have superior vitality. (+4 HP)


Message History

Aiming: Pain (safe; 3% risk of failure)
Press: ? - help, Shift-Dir - straight line, f/p - worm
Aim: a worm (moderately wounded, chance to affect: 82%)
The worm barely resists.
* * * LOW HITPOINT WARNING * * *
Casting: Pain (safe; 3% risk of failure)
Confirm with . or Enter, or press ? or * to list all spells.
Aiming: Pain (safe; 3% risk of failure)
Press: ? - help, Shift-Dir - straight line, f/p - worm
Aim: a worm (moderately wounded, chance to affect: 82%)
The worm writhes in agony!
* * * LOW HITPOINT WARNING * * *
Casting: Pain (safe; 3% risk of failure)
Confirm with . or Enter, or press ? or * to list all spells.
Aiming: Pain (safe; 3% risk of failure)
Press: ? - help, Shift-Dir - straight line, f/p - worm
Aim: a worm (severely wounded, chance to affect: 82%)
The worm writhes in agony.
* * * LOW HITPOINT WARNING * * *
The worm completely misses you.
It was a potion of curing.
You feel better. The worm closely misses you.
Casting: Pain (safe; 3% risk of failure)
Confirm with . or Enter, or press ? or * to list all spells.
Aiming: Pain (safe; 3% risk of failure)
Press: ? - help, Shift-Dir - straight line, f/p - worm
Aim: a worm (severely wounded, chance to affect: 82%)
The worm writhes in agony.
* * * LOW HITPOINT WARNING * * *
Casting: Pain (safe; 3% risk of failure)
Confirm with . or Enter, or press ? or * to list all spells.
The spell is quite dangerous to cast (9% risk of failure)!
Continue anyway?
Aiming: Vampiric Draining (quite dangerous; 9% risk of failure)
Press: ? - help, Shift-Dir - straight line, f/p - worm
Aim: a worm (severely wounded)
You miscast Vampiric Draining.
You are very lightly contaminated with residual magic.
Nothing appears to happen.
* * * LOW HITPOINT WARNING * * *
The worm bites you!
You die...

#....... .w... ..#....
......# # #..
..##......##### #.##..
#.#...#.......# .....
#.#.#.#.......#
..#..##...#.#.......#
#.###...............#
...##.##.$...w...>..#
###..##.##.†....@.....#
..... #.##............#
#.#.###.##............#
#.......###############
.......## ...#.#.##
........# .#......#
.##.....#


You could see a worm.

Vanquished Creatures
  2 adders (D:2)
  A giant cockroach (D:1)
  3 goblins (D:1)
  5 hobgoblins
  3 ball pythons (D:1)
  A bat (D:1)
  A frilled lizard (D:1)
  A kobold (D:1)
  2 rats
19 creatures vanquished.

Notes
Turn   | Place    | Note
-------+----------+-------------------------------------------
     0 | D:1      | Hipnos the Djinni Necromancer began the quest for the Orb.
     0 | D:1      | Reached XP level 1. HP: 15/15 MP: 0/0
   414 | D:1      | Reached XP level 2. HP: 19/21 MP: 0/0
  1114 | D:1      | Found a faded altar of an unknown god.
  1598 | D:2      | Reached XP level 3. HP: 21/25 MP: 0/0
  1598 | D:2      | Learned a level 1 spell: Foxfire
  1670 | D:2      | Reached skill level 4 in Spellcasting
  1687 | D:2      | Slain by a worm

Illustrated notes

Levels and vault maps discovered:
D:1:      dpeg_arrival_simpleton_c, layout_loops_cross,
          ebering_ecumenical_altar_webs
D:2:      layout_basic

Skill      XL: |  1  2  3 |
---------------+----------+-----
Spellcasting   | 4 |  4.0
Fighting       | |  0.4
Dodging        | |  2.2
Stealth        | |  1.5

Action                   || total
-------------------------++-------
Melee: Unarmed           ||     1
 Cast: Pain              ||    47
       Vampiric Draining ||     3
  Use: Potion            ||     1
Armor: Robe              ||     8
Dodge: Dodged            ||    16

Table legend: (Time is in decaauts)
 A = Elapsed time spent in this place.
 B = Non-inter-level travel time spent in this place.
 C = Inter-level travel time spent in this place.
 D = Time resting spent in this place.
 E = Time spent auto-exploring this place.
 F = Levels seen in this place.
 G = Mean time per level.
                   A        B        C        D        E       F      G
               +--------+--------+--------+--------+--------+-----+--------+
         Total |   1686 |   1666 |     20 |      0 |   1500 |   2 |  843.0 |
       Dungeon |   1686 |   1666 |     20 |      0 |   1500 |   2 |  843.0 |
               +--------+--------+--------+--------+--------+-----+--------+

Top non-repeatable levels by time:
     D:1: 1262 daAuts
     D:2: 423 daAuts
